 Dungeon Crawl Stone Soup version 0.30-b1-2-g02819fbbbe (webtiles) character file.

Game seed: 14344663918181416773

8413 PaladinM the Carver (level 10, -2/88 HPs)
             Began as a Demigod Warper on Aug 15, 2023.
             Slain by a vampire (6 damage)
             ... on level 11 of the Dungeon.
             The game lasted 00:37:55 (11602 turns).

PaladinM the Carver (Demigod Warper)               Turns: 11602, Time: 00:37:56

Health: -2/88      AC:  9    Str: 10    XL:     10   Next: 84%
Magic:  13/15      EV: 16    Int: 15    God:
Gold:   662        SH:  5    Dex: 25    Spells: 7/12 levels left

rFire   . . .        W - +0 triple sword (flame)
rCold   . . .        (shield currently unavailable)
rNeg    . . .        X - +0 acid dragon scales
rPois   +            J - +0 helmet
rElec   .            L - scarf {shadows}
rCorr   +            v - +0 pair of gloves
SInv    .            x - +0 pair of boots
Will    +....        l - amulet of reflection
Stlth   ++           D - ring of poison resistance
HPRegen 0.34/turn    (no ring)
MPRegen 0.14/turn

%: reflection
@: about to teleport, very slightly contaminated, hasted, very quick
A: high MP 1, forlorn, divine attributes, weak 1
a: no special abilities


You were on level 11 of the Dungeon.
You visited 2 branches of the dungeon, and saw 12 of its levels.
You also visited: Bailey.

You collected 662 gold pieces.

Inventory:

Hand Weapons
 a - a +0 falchion
 j - a +4 whip
 p - the +8 dagger "Zeimmini" {heavy, rC+ Will+ Int+3}
   (You found it on level 2 of the Dungeon)

   Int:       It affects your intelligence (+3).
   rC:        It protects you from cold.
   Will:      It increases your willpower.
 t - a +1 scimitar of flaming
 u - a +0 long sword
 W - a +0 triple sword of flaming (weapon)
Missiles
 d - 7 boomerangs of dispersal
 f - 21 poisoned darts (quivered)
 B - 4 silver boomerangs
 R - 8 boomerangs
 T - 6 throwing nets
Armour
 b - a +0 leather armour
 i - a +0 troll leather armour
 q - a +0 ring mail
 v - a +0 pair of gloves (worn)
 w - a +0 kite shield
 x - a +0 pair of boots (worn)
 J - a +0 helmet (worn)
 L - a scarf of shadows (worn)
 N - +0 steam dragon scales
 X - +0 acid dragon scales (worn)
Magical Staves
 c - the staff of poison "Tihaet" {rElec rPois}
   (You found it in a bailey)

   [staff of poison]

   Base accuracy: +5 Base damage: 5 Base attack delay: 1.2 This weapon's minimum
   attack delay (0.6) is reached at skill level 12.
   rElec:     It insulates you from electricity.
   rPois:     It protects you from poison.
   It falls into the 'Staves' category.
   It is a one-handed weapon.
Jewellery
 l - an amulet of reflection (around neck)
 D - a ring of poison resistance (left hand)
 V - a ring of protection from fire
Wands
 I - a wand of flame (28)
 K - a wand of polymorph (13)
 O - a wand of iceblast (11)
Scrolls
 e - a scroll of enchant weapon {unknown}
 g - 3 scrolls of vulnerability
 h - 2 scrolls of immolation
 m - a scroll of magic mapping
 o - 3 scrolls of enchant armour
 y - 4 scrolls of amnesia
 F - 2 scrolls of fog
 H - a scroll of torment {unknown}
 P - a scroll of poison
 U - a scroll of teleportation
Potions
 k - 3 potions of might {unknown}
 n - 7 potions of curing
 r - 2 potions of flight
 s - 2 potions of cancellation
 z - a potion of brilliance {unknown}
 A - 2 potions of attraction
 E - 25 potions of degeneration
 G - 2 potions of magic
 M - a potion of mutation
 S - a potion of resistance {unknown}


   Skills:
 - Level 7.8 Fighting
 + Level 12.2 Long Blades
 - Level 0.8 Throwing
 - Level 2.0 Armour
 - Level 6.3 Dodging
 - Level 2.0 Shields
 - Level 1.7 Spellcasting
 - Level 2.6 Translocations


You had 7 spell levels left.
You knew the following spells:

 Your Spells              Type           Power      Damage    Failure   Level
a - Blink                 Tloc           18%        N/A       19%         2
b - Vhi's Electric Charg  Tloc/Air       10%        N/A       52%         3

Your spell library contained the following spells:

 Spells                   Type           Power      Damage    Failure   Level
 Lesser Beckoning         Tloc           18%        N/A       19%         2
 Foxfire                  Conj/Fire      4%         2x1d4     34%         1
 Necrotise                Necr           4%         1d4       34%         1
 Sandblast                Erth           2%         2d4       34%         1
 Shock                    Conj/Air       4%         1d3       34%         1
 Gell's Gravitas          Tloc           9%         N/A       34%         3
 Teleport Other           Tloc           9%         N/A       34%         3
 Ensorcelled Hibernation  Hex/Ice        2%         N/A       47%         2
 Passwall                 Tmut/Erth      0%         N/A       47%         2
 Hailstorm                Conj/Ice       1%         3d3       71%         3
 Ignite Poison            Fire/Tmut/Pois 1%         N/A       71%         3
 Stone Arrow              Conj/Erth      2%         3d7       71%         3
 Swiftness                Air            1%         N/A       71%         3
 Vampiric Draining        Necr           1%         2d6       71%         3
 Manifold Assault         Tloc           9%         N/A       75%         4
 Airstrike                Air            0%         2d(1-17)  98%         4
 Agony                    Necr           1%         N/A       100%        5
 Fireball                 Conj/Fire      0%         3d3       100%        5
 Plasma Beam              Fire/Air       0%         2x1d11    100%        6
 Starburst                Conj/Fire      0%         6d3       100%        6


Dungeon Overview and Level Annotations

Branches:
Dungeon (11/15)            Temple (1/1) D:5            Lair (0/5) D:10
 Bailey (visited)
    Orc: D:9-12

Shops:
D:8 (


Innate Abilities, Weirdness & Mutations

You have an increased reservoir of magic. (+10% MP)
You shall have no god before yourself.
Your divine heritage dramatically boosts your attributes as you level up.
You are weak. (Str -2)


Message History

The yak completely misses you.
You hit the yak. You burn the yak.
The yak is lightly wounded.
A yak comes into view.
You block the yak's attack.
You slice the yak!! You burn the yak.
The yak is almost dead.
The yak closely misses you.
You slice the yak!! You burn the yak.
You kill the yak!
Something barely misses you. Something bites you but does no damage.
You barely miss something. Something hits you. Something bites you.
Something draws strength from your injuries!
Something hits you but does no damage. Something bites you.
Something draws strength from your injuries!
You barely miss something. Something hits you!
* * * LOW HITPOINT WARNING * * *
Something bites you but does no damage.
You closely miss something. You block something's attack.
Something barely misses you.
You hit something. You burn something. Something barely misses you. x2
You hit something but do no damage. Something hits you.
* * * LOW HITPOINT WARNING * * *
Something bites you but does no damage.
It was a potion of haste.
You feel yourself speed up. Something hits you!
* * * LOW HITPOINT WARNING * * *
Something barely misses you.
Okay, then.
As you read the scroll of fear, it crumbles to dust.
You assume a fearsome visage.
The yak looks frightened! x5
You block something's attack. Something completely misses you.
Casting: Blink (safe; 19% risk of failure)
Confirm with . or Enter, or press ? or * to list all spells.
You miscast Blink.
You are very lightly contaminated with residual magic.
Nothing appears to happen.
Okay, then.
As you read the scroll of teleportation, it crumbles to dust.
You feel strangely unstable. Something hits you.
You die...

#..# #.)# #..# #.#
#))# #.# #..# #.#
#..# #.# .{ #..#
#.#####...
#..######.Y.Y.....
#.....@{.Y.YY.....
##################


You could see 5 yaks.

Vanquished Creatures
  Erica (D:8)
  An ugly thing (D:11)
  3 trolls (D:11)
  A wyvern (D:9)
  13 yaks
  Grum (D:8)
  2 steam dragons
  2 acid dragons
  A water moccasin (D:7)
  5 orc warriors
  An ice beast (D:5)
  2 ogres
  2 centaurs
  8 wolves
  A bullfrog (D:6)
  2 kobold brigands
  8 gnoll sergeants (Bailey)
  9 wights
  7 killer bees
  3 hounds
  A jelly (D:6)
  5 gnoll boudas (Bailey)
  6 orc priests
  2 sleepcaps
  2 iguanas
  9 orc wizards
  15 gnolls
  9 adders
  2 white imps
  3 worms
  3 dart slugs
  41 orcs
  5 giant cockroaches
  5 goblins
  4 hobgoblins
  8 jackals
  21 kobolds
  A quokka (D:4)
  8 ball pythons
  7 bats
  A frilled lizard (D:2)
  4 rats
235 creatures vanquished.

Vanquished Creatures (others)
  3 plants (D:11)
3 creatures vanquished.

Grand Total: 238 creatures vanquished

Notes
Turn   | Place    | Note
-------+----------+-------------------------------------------
     0 | D:1      | PaladinM the Demigod Warper began the quest for the Orb.
     0 | D:1      | Reached XP level 1. HP: 17/17 MP: 5/5
    65 | D:1      | Reached skill level 2 in Long Blades
   294 | D:1      | Reached XP level 2. HP: 19/24 MP: 7/7
   319 | D:1      | Learned a level 2 spell: Blink
   321 | D:1      | You fall into a shaft and drop 1 floor!
   570 | D:2      | Reached skill level 3 in Long Blades
   757 | D:2      | Identified the +8 dagger "Zeimmini" {heavy, rC+ Will+
                  | Int+3}
   807 | D:2      | Reached XP level 3. HP: 27/29 MP: 8/8
  1187 | D:3      | Reached skill level 4 in Long Blades
  1329 | D:3      | Reached XP level 4. HP: 36/36 MP: 9/9
  2198 | D:4      | Got Amueqad's Directory of Intoxicating Frostbite
  2663 | D:4      | Reached skill level 5 in Long Blades
  2663 | D:4      | Reached XP level 5. HP: 39/41 MP: 10/10
  2738 | D:5      | Entered Level 5 of the Dungeon
  2964 | D:5      | Found a staircase to the Ecumenical Temple.
  2970 | Temple   | Entered the Ecumenical Temple
  3331 | D:5      | Reached skill level 1 in Armour
  3335 | D:5      | Learned a level 3 spell: Vhi's Electric Charge
  3486 | D:5      | Noticed an ice beast
  3499 | D:5      | Killed an ice beast
  3500 | D:5      | Reached skill level 1 in Shields
  4110 | D:6      | Reached XP level 6. HP: 48/48 MP: 11/11
  4486 | D:5      | Reached skill level 6 in Long Blades
  4723 | D:5      | Reached XP level 7. HP: 52/55 MP: 12/12
  5350 | D:6      | Reached skill level 7 in Long Blades
  5815 | D:7      | Reached skill level 8 in Long Blades
  6001 | D:6      | Reached XP level 8. HP: 48/61 MP: 13/13
  6171 | D:7      | Reached skill level 9 in Long Blades
  6490 | D:8      | Found Juurics's Antique Weapon Boutique.
  6815 | D:8      | Reached skill level 10 in Long Blades
  6858 | D:8      | Noticed Grum
  6888 | D:8      | Killed Grum
  6889 | D:8      | Reached XP level 9. HP: 18/70 MP: 14/14
  7262 | D:8      | Noticed Erica
  7278 | D:8      | Killed Erica
  7279 | D:8      | Reached skill level 5 in Dodging
  7742 | D:9      | Reached skill level 5 in Fighting
  7824 | D:9      | Found a flagged portal.
  7849 | Bailey   | Entered a bailey
  8977 | Bailey   | Reached XP level 10. HP: 66/86 MP: 15/15
  9070 | Bailey   | Identified the staff of poison "Tihaet" {rElec rPois}
  9758 | D:9      | Gained mutation: You are weak. (Str -2) [potion of
                  | mutation]
  9775 | D:10     | Entered Level 10 of the Dungeon
 10244 | D:10     | Reached skill level 11 in Long Blades
 10675 | D:10     | Found a staircase to the Lair.
 11306 | D:11     | Noticed a purple ugly thing
 11322 | D:11     | Killed a purple ugly thing
 11328 | D:11     | Reached skill level 12 in Long Blades
 11599 | D:11     | HP: 3/88 [something (10)]
 11602 | D:11     | Slain by a vampire

Illustrated notes

Levels and vault maps discovered:
D:1:      dpeg_arrival_simpleton_c, layout_loops_ring,
          shapermc_ecumenical_altar_rom_forum, serial_park_tiny_2
D:2:      layout_basic
D:3:      layout_rooms, minmay_goblin_kobold_house
D:4:      layout_gridville
D:5:      layout_basic, grunt_temple_overflow_open,
          minmay_temple_entry_enclosed_plants
D:6:      layout_gridville, mainiacjoe_overflow_paths
D:7:      layout_cave_pools
D:8:      layout_loops_ring, nicolae_qazlal_eye_of_the_storm, serial_shops,
          nicolae_shop_hallway_stairs, uniq_grum, uniq_erica
D:9:      layout_grid_maze, tso_metal_star, enter_bailey_7
D:10:     layout_basic, lair_entry_dummy, kennysheep_generic_room_13
D:11:     layout_long_grid, serial_bayou_pond_c, minmay_beelzebubs_servants,
          uniq_fannar
Temple:   nicolae_temple_bog_church

Skill      XL: |  1  2  3  4  5  6  7  8  9 10 |
---------------+-------------------------------+-----
Long Blades    | 2 3 4 5 6 8 10 12 | 12.2
Fighting       | 2 3 7 |  7.8
Armour         | 1 2 |  2.0
Shields        | 1 2 |  2.0
Dodging        | 2 3 4 6 |  6.3
Throwing       | |  0.8
Spellcasting   | |  1.7
Translocations | |  2.6

Action                     |  1- 3 |  4- 6 |  7- 9 | 10-12 || total
---------------------------+-------+-------+-------+-------++-------
  Melee: Falchion          |    61 |       |       |       ||    61
         Whip              |    12 |       |       |       ||    12
         Dagger            |    41 |   148 |   186 |       ||   375
         Scimitar          |       |       |   191 |    86 ||   277
         Long sword        |       |       |    35 |       ||    35
         Triple sword      |       |       |       |    68 ||    68
  Throw: Dart              |       |     3 |    11 |       ||    14
   Cast: Blink             |       |     1 |     4 |     3 ||     8
    Use: Scroll            |       |     9 |     5 |     6 ||    20
         Potion            |       |     2 |     4 |     6 ||    12
   Stab: Sleeping          |       |       |     1 |       ||     1
         Distracted        |       |       |     1 |       ||     1
 Armour: Leather armour    |    26 |       |       |       ||    26
         Ring mail         |    10 |    48 |    47 |       ||   105
         Steam dragon scal |       |       |    36 |    11 ||    47
         Acid dragon scale |       |       |       |    17 ||    17
  Dodge: Dodged            |    57 |    60 |   165 |   126 ||   408
  Block: Other             |    25 |       |       |    23 ||    48
         Kite shield       |     1 |   136 |   370 |    82 ||   589
         Reflection        |       |     1 |    14 |       ||    15
